cohdb
Replays
Latest Replays
All Replays
Popular Replays
Top Player Replays
Match Explorer
How It Works
Community
CoH3 Stats
Reddit
Sign in to upload your games and track your stats! →
Sign in with Steam
Match 40539568
Unlisted
Match 40539568
Overview
Messages
Build Orders
End
Construct Infanterie Kompanie
Selects Terror Battlegroup
Selects Machine Gun Camouflage
MG 42 Machine Gun Team
Grenadier Squad
GrW 34 Mortar Team
Grenadier Squad
Infanterie Officer Quarters
Grenadier Squad
Construct Panzergrenadier Kompanie
Selects Interrogate
Panzergrenadier Squad
Panzergrenadier Officer Quarters
Pak 40 Anti-tank Gun Team
Support Elements
StuG III G Assault Gun
Pioneer Squad
Kettenkrad Recon Vehicle
Selects No Quarter
Grenadier Squad
251 Medium Carrier
Selects King Tiger Heavy Tank
TheCreepy
S.S.Vodka
Definitely Not Juzo
STALKER4732
SoyaLors
Nord__Fox
0
0
Comments
sign in to comment!
No comments posted yet!